 Dungeon Crawl Stone Soup version 0.27-a0-242-ge0fc76b88b (webtiles) character file.

Game seed: 18168846895585185317

33448 runemasterragnar the Grappler (level 13, -1/131 HPs)
             Began as a Troll Delver on Feb 2, 2021.
             Was the Champion of Cheibriados.
             Slain by Rupert
             ... wielding a +4 battleaxe of freezing
              (2 damage)
             ... on level 14 of the Dungeon.
             The game lasted 00:24:31 (14643 turns).

runemasterragnar the Grappler (Troll Delver)       Turns: 14643, Time: 00:24:31

Health: -1/131     AC: 10    Str: 46    XL:     13   Next: 36%
Magic:  12/12      EV: 20    Int: 21    God:    Cheibriados [******]
Gold:   833        SH:  0    Dex: 32    Spells: 12/12 levels left

rFire    . . .     SeeInvis .     - Unarmed
rCold    + + +     Faith    .   (no shield)
rNeg     . . .     Spirit   .   T - +2 robe {rC+}
rPois    .         Reflect  .   (helmet restricted)
rElec    .         Harm     .   V - +2 cloak {rCorr}
rCorr    +         Rampage  .   (gloves unavailable)
Will     .....                  (boots unavailable)
Stlth    +++.......             Q - amulet of the Albatross {Inacc rC++ Str-2}
HPRegen  0.71/turn              M - +6 ring of dexterity
MPRegen  0.13/turn              s - +6 ring of strength

@: very slow
A: large, unfitting armour, claws 3, deformed body, mutation resistance 1,
regeneration 1, shaggy fur 1, tough skin 3
a: Renounce Religion, Bend Time, Temporal Distortion, Slouch, Step From Time


You were on level 14 of the Dungeon.
You worshipped Cheibriados.
Cheibriados was exalted by your worship.
You visited 2 branches of the dungeon, and saw 15 of its levels.
You also visited: Ice Cave.

You collected 833 gold pieces.

Inventory:

Hand Weapons
 h - a +1 battleaxe of freezing
 D - a +0 giant spiked club
Missiles
 F - 15 poisoned darts
 H - 18 boomerangs (quivered)
 I - 4 atropa-tipped darts
 X - 2 large rocks
Armour
 T - a +2 robe of cold resistance (worn)
 V - a +2 cloak of preservation (worn)
 W - a +0 troll leather armour
Jewellery
 a - the ring of Urpheapho {Ice rElec rPois, unknown}
   (You found it on level 14 of the Dungeon)

   [ring of ice]

   It enhances your ice magic.
   It makes you vulnerable to fire.
   It protects you from cold.
   It insulates you from electricity.
   It protects you from poison.
 j - a cursed ring of fire {unknown}
 q - an uncursed ring of wizardry
 s - a +6 ring of strength (right claw)
 y - an uncursed amulet of the acrobat
 E - an uncursed ring of protection from cold {unknown}
 G - an uncursed ring of teleportation
 L - an uncursed amulet of the acrobat
 M - a +6 ring of dexterity (left claw)
 P - an uncursed ring of magical power
 Q - the amulet of the Albatross (around neck) {Inacc rC++ Str-2}
   (You found it on level 10 of the Dungeon)

   [amulet of inaccuracy]

   It reduces the accuracy of all your attacks.
   It affects your strength (-2).
   It greatly protects you from cold.
 S - an uncursed ring of ice
 U - an uncursed amulet of regeneration {unknown}
 Z - an uncursed ring of ice
Wands
 e - a wand of polymorph (7)
 f - a wand of digging (6)
 l - a wand of acid (9)
 A - a wand of paralysis (2)
 J - a wand of mindburst (10)
 K - a wand of iceblast (24)
Scrolls
 b - 3 scrolls of fog
 c - 7 scrolls of remove curse
 d - 3 scrolls of fear
 i - 4 scrolls of enchant armour {unknown}
 k - a scroll of torment {unknown}
 m - 3 scrolls of blinking {unknown}
 r - 12 scrolls of teleportation {unknown}
 u - 6 scrolls of immolation
 v - 4 scrolls of magic mapping
 z - 4 scrolls of random uselessness {unknown}
 C - 2 scrolls of enchant weapon {unknown}
 O - a scroll of amnesia {unknown}
 R - a scroll of identify
Potions
 g - 5 potions of resistance
 n - a potion of brilliance
 o - a potion of cancellation
 p - 5 potions of heal wounds
 t - a potion of might
 w - 9 potions of curing
 x - a potion of invisibility {unknown}
 B - 2 potions of flight
 N - a potion of attraction
Miscellaneous
 Y - a condenser vane (inert)


   Skills:
 + Level 9.2 Fighting
 * Level 9.4 Throwing
 + Level 9.0 Dodging
 - Level 2.7 Stealth
 * Level 14.3 Unarmed Combat


You had 12 spell levels left.
You didn't know any spells.
Your spell library contained the following spells:

 Spells                   Type           Power        Failure   Level
 Animate Skeleton         Necr           0%           19%         1
 Beastly Appendage        Tmut           0%           19%         1
 Sandblast                Erth           0%           19%         1
 Shock                    Conj/Air       0%           19%         1
 Sting                    Tmut/Pois      0%           19%         1
 Passwall                 Tmut/Erth      0%           26%         2
 Swiftness                Air            0%           26%         2
 Wereblood                Tmut           0%           26%         2
 Conjure Flame            Conj/Fire      0%           47%         3
 Ignite Poison            Fire/Tmut/Pois 0%           47%         3
 Spider Form              Tmut/Pois      0%           47%         3
 Static Discharge         Conj/Air       0%           47%         3
 Stone Arrow              Conj/Erth      0%           47%         3
 Tukima's Dance           Hex            0%           47%         3
 Airstrike                Air            0%           87%         4
 Ice Form                 Ice/Tmut       0%           87%         4
 Petrify                  Tmut/Erth      0%           87%         4
 Agony                    Necr           0%           99%         5
 Blade Hands              Tmut           0%           99%         5
 Borgnjor's Vile Clutch   Necr/Erth      0%           99%         5
 Lee's Rapid Deconstruct  Erth           0%           99%         5
 Lightning Bolt           Conj/Air       0%           99%         5
 Silence                  Hex/Air        0%           99%         5
 Yara's Violent Unravell  Hex/Tmut       0%           99%         5
 Starburst                Conj/Fire      0%           100%        6


Dungeon Overview and Level Annotations

Branches:
Dungeon (14/15)            Temple (1/1) D:6            Lair (0/6) D:10
    Orc (0/2) D:11         Vaults (0/5) D:13          IceCv (visited)

Altars:
Ashenzari
Cheibriados
Dithmenos
Elyvilon
Fedhas
Gozag
Hepliaklqana
Kikubaaqudgha
Makhleb
Nemelex Xobeh
Okawaru
Qazlal
Ru
Sif Muna
Trog
Vehumet
Wu Jian
Xom
Yredelemnul
Zin

Shops:
D:4 =   D:9 *

Annotations:
D:3 2 transporters
D:9 exclusion: obsidian statue
D:10 exclusion: oklob plant
D:13 3 runed translucent doors, RepHenryClay's ghost, novice DsGl
D:14 Rupert


Innate Abilities, Weirdness & Mutations

You are too large for most types of armour.
You have claws for hands.
Your natural rate of healing is unusually fast.
You are covered in fur. (AC +1)
You have extremely tough skin. (AC +3)
Armour fits poorly on your strangely shaped body.
You are somewhat resistant to further mutation.


Message History

Rupert is heavily wounded.
You mangle Rupert!!
Rupert is severely wounded.
Rupert hits you with a +4 battleaxe of freezing!!!
Rupert freezes you.
You barely miss Rupert.
Rupert is severely wounded.
Rupert hits you with a +4 battleaxe of freezing!!
You scratch Rupert but do no damage.
Rupert is severely wounded.
Rupert hits you with a +4 battleaxe of freezing!
You claw Rupert!
Rupert is severely wounded.
Rupert closely misses you.
You closely miss Rupert. Your claw misses Rupert.
Rupert is severely wounded.
Rupert hits you with a +4 battleaxe of freezing!!!
* * * LOW HITPOINT WARNING * * *
Rupert freezes you.
You die...

#.# #..# #####'## ##.######
##'### #....... #..)))))#
#)...########.......
#.#####.######....'.....##..†....
......#......+....#####..'.......
#.#####.######....# ####.......
#...#[..# #....# #.......
#.#.#.### #....# ###+####
#.#.....# ###@## ####.#### #..@#
#....# #..... ..#### #.....+
.####### +.....# ........ #.....#
†....... #(....# ........ #(....#
........


You could see Rupert (berserk, very poisoned).

Vanquished Creatures
  A frost giant (IceCv)
  A slime creature (D:14)
  Josephine (D:14)
  Fannar (D:11)
  2 boulder beetles (D:13)
  2 dancing weapons (D:13)
  2 two-headed ogres
  2 death yaks (IceCv)
  2 unseen horrors
  4 ugly things
  2 manticores
  An ice statue (IceCv)
  Maurice (D:11)
  Joseph (D:9)
  A cyclops (D:12)
  5 kobold demonologists
  6 trolls
  17 polar bears (IceCv)
  Grinder (D:5)
  27 yaks
  A shadow (D:14)
  Eustachio (D:5)
  4 wraiths
  2 basilisks
  2 vampire mosquitoes (D:13)
  A soldier ant (D:13)
  2 water moccasins
  10 orc warriors
  2 sky beasts
  3 ice beasts
  A necrophage (D:10)
  A black bear (D:6)
  8 ogres
  2 eyes of draining (D:9)
  5 centaurs
  8 wolves (IceCv)
  A phantom (D:6)
  3 big kobolds
  5 bullfrogs
  6 jellies
  A wyvern zombie (D:7)
  A water moccasin zombie (D:8)
  6 scorpions
  10 killer bees
  5 wights (D:12)
  A crimson imp (D:4)
  3 centaur zombies
  2 bullfrog zombies
  6 hounds
  8 orc priests
  A gnoll shaman (D:7)
  3 centaur skeletons
  A bullfrog skeleton (D:8)
  2 iguanas
  Crazy Yiuf (D:2)
  Ijyb (D:5)
  Terence (D:2)
  13 orc wizards
  Natasha (twice) (D:3)
  4 worker ants
  A hound zombie (D:6)
  A hound skeleton (D:11)
  2 worker ant zombies
  8 adders
  8 gnolls
  2 shadow imps
  4 white imps
  2 ufetubi (D:7)
  2 oozes
  An adder zombie (D:6)
  2 adder skeletons
  A worm (D:4)
  2 dart slugs
  5 leopard geckos
  71 orcs
  A ball python (D:3)
  7 giant cockroaches
  7 goblins
  3 hobgoblins
  5 jackals (D:5)
  6 quokkas
  4 bats
  2 frilled lizards (D:2)
  18 kobolds
  A leopard gecko zombie (D:8)
  A quokka skeleton (D:6)
  3 rats
390 creatures vanquished.

Notes
Turn   | Place    | Note
-------+----------+-------------------------------------------
     0 | D:5      | runemasterragnar the Troll Delver began the quest for the
                  | Orb.
     0 | D:5      | Reached XP level 1. HP: 22/22 MP: 0/0
    13 | D:6      | Noticed a scorpion
    56 | D:5      | Noticed a centaur
    77 | D:5      | Reached XP level 2. HP: 29/29 MP: 1/1
    88 | D:5      | Noticed a scorpion
    96 | D:5      | Killed a scorpion
    97 | D:5      | Reached skill level 3 in Unarmed Combat
    97 | D:5      | Reached XP level 3. HP: 26/36 MP: 2/2
   166 | D:4      | Reached XP level 4. HP: 45/45 MP: 3/3
   181 | D:4      | Found a white marble altar of Elyvilon.
   456 | D:4      | Found Qoddeth's Jewellery Shoppe.
   496 | D:4      | Reached skill level 4 in Unarmed Combat
   496 | D:4      | Reached XP level 5. HP: 53/53 MP: 4/4
   947 | D:4      | Reached XP level 6. HP: 59/61 MP: 5/5
  1097 | D:6      | Found a staircase to the Ecumenical Temple.
  1107 | D:6      | Reached skill level 5 in Unarmed Combat
  1111 | Temple   | Entered the Ecumenical Temple
  1115 | Temple   | Became a worshipper of Cheibriados the Contemplative
  1247 | D:2      | Found a stormy altar of Qazlal.
  1771 | D:1      | Reached * piety under Cheibriados
  2096 | D:2      | Noticed Terence
  2103 | D:2      | Killed Terence
  2142 | D:2      | Found a runed translucent door.
  2143 | D:2      | Noticed Crazy Yiuf
  2456 | D:2      | Killed Crazy Yiuf
  2555 | D:3      | Found a broken altar of Ashenzari.
  2660 | D:3      | Found a transporter.
  2665 | D:3      | Noticed a kobold demonologist
  2685 | D:3      | Found a transporter.
  2743 | D:3      | Found a faded altar of an unknown god.
  2873 | D:3      | Found a shimmering altar of Xom.
  2874 | D:3      | Noticed Natasha
  2879 | D:3      | Killed Natasha
  2880 | D:3      | Reached XP level 7. HP: 68/68 MP: 6/6
  2900 | D:3      | Reached ** piety under Cheibriados
  2988 | D:3      | Noticed Natasha
  3001 | D:3      | Killed Natasha
  3252 | D:5      | Noticed Eustachio
  3269 | D:5      | Killed Eustachio
  3270 | D:5      | Reached skill level 6 in Unarmed Combat
  3386 | D:5      | Noticed Ijyb
  3387 | D:5      | Paralysed by Ijyb for 3 turns
  3400 | D:5      | Killed Ijyb
  3481 | D:5      | Noticed Grinder
  3488 | D:5      | Paralysed by Grinder for 3 turns
  3493 | D:5      | Killed Grinder
  3494 | D:5      | Reached skill level 7 in Unarmed Combat
  3494 | D:5      | Reached XP level 8. HP: 65/79 MP: 7/7
  3870 | D:5      | You fall into a shaft and drop 3 floors!
  3943 | D:8      | Found a basalt altar of Yredelemnul.
  3980 | D:8      | Reached skill level 5 in Fighting
  4402 | D:7      | Found a sparkling altar of Nemelex Xobeh.
  4407 | D:7      | Reached skill level 8 in Unarmed Combat
  4636 | D:6      | Reached skill level 5 in Dodging
  4708 | D:6      | Reached *** piety under Cheibriados
  4733 | D:6      | Reached XP level 9. HP: 62/88 MP: 8/8
  5280 | D:7      | Reached skill level 9 in Unarmed Combat
  5555 | D:7      | Reached **** piety under Cheibriados
  6321 | D:8      | Found an opulent altar of Gozag.
  6504 | D:8      | Identified the Grimoire of Shape Shifting and Hexes
  6749 | D:9      | Reached skill level 10 in Unarmed Combat
  6752 | D:9      | Reached ***** piety under Cheibriados
  7142 | D:9      | Found an iron altar of Okawaru.
  7143 | D:9      | Noticed Joseph
  7158 | D:9      | Killed Joseph
  7331 | D:9      | Reached XP level 10. HP: 87/100 MP: 9/9
  7363 | D:9      | Found a bloodstained altar of Trog.
  7532 | D:9      | Found Odghibum's Island Escapes.
  7651 | D:9      | Noticed an obsidian statue
  7656 | D:9      | Noticed a rust devil
  7656 | D:9      | Noticed an orange demon
  8293 | D:10     | Entered Level 10 of the Dungeon
  8350 | D:10     | Reached skill level 1 in Throwing
  8365 | D:10     | Reached skill level 11 in Unarmed Combat
  8680 | D:10     | Got a twitching brass amulet
  8681 | D:10     | Identified the amulet of the Albatross {Inacc rC++ Str-2}
                  | (You found it on level 10 of the Dungeon)
  8716 | D:10     | Found a staircase to the Lair.
  8726 | D:10     | Noticed an oklob plant
  8783 | D:10     | Found a sacrificial altar of Ru.
  9167 | D:11     | Noticed a green ugly thing
  9176 | D:11     | Killed a green ugly thing
  9176 | D:11     | Noticed a manticore
  9184 | D:11     | Killed a manticore
  9409 | D:11     | Reached ****** piety under Cheibriados
  9416 | D:11     | Reached XP level 11. HP: 103/109 MP: 10/10
  9684 | D:11     | Found a staircase to the Orcish Mines.
  9742 | D:11     | Noticed Fannar
  9752 | D:11     | HP: 5/109 [Fannar/bolt of cold (34)]
  9757 | D:11     | Killed Fannar
 10110 | D:11     | Noticed Maurice
 10130 | D:11     | Killed Maurice
 10546 | D:12     | Found a frozen archway.
 10554 | IceCv    | Entered an ice cave
 10576 | IceCv    | Reached skill level 12 in Unarmed Combat
 10627 | IceCv    | Reached skill level 5 in Throwing
 10651 | IceCv    | Gained mutation: Armour fits poorly on your strangely
                  | shaped body. [potion of mutation]
 10651 | IceCv    | Gained mutation: You are frail. (-10% HP) [potion of
                  | mutation]
 10651 | IceCv    | Gained mutation: You are agile. (Dex +2) [potion of
                  | mutation]
 10652 | IceCv    | Lost mutation: You are frail. (-10% HP) [potion of
                  | mutation]
 10652 | IceCv    | Lost mutation: You are agile. (Dex +2) [potion of mutation]
 10652 | IceCv    | Gained mutation: Your mind is acute. (Int +2) [potion of
                  | mutation]
 10652 | IceCv    | Gained mutation: Your body sometimes deteriorates upon
                  | taking damage. [potion of mutation]
 10652 | IceCv    | Gained mutation: Your muscles are strong. (Str +2) [potion
                  | of mutation]
 10653 | IceCv    | Lost mutation: Your body sometimes deteriorates upon taking
                  | damage. [potion of mutation]
 10653 | IceCv    | Lost mutation: Your muscles are strong. (Str +2) [potion of
                  | mutation]
 10653 | IceCv    | Lost mutation: Your mind is acute. (Int +2) [potion of
                  | mutation]
 10653 | IceCv    | Gained mutation: You are somewhat resistant to further
                  | mutation. [potion of mutation]
 10748 | IceCv    | Noticed a death yak
 10759 | IceCv    | Killed a death yak
 10978 | IceCv    | Reached XP level 12. HP: 60/119 MP: 11/11
 11037 | IceCv    | Noticed a frost giant
 11037 | IceCv    | Noticed a death yak
 11051 | IceCv    | Killed a death yak
 11053 | IceCv    | Killed a frost giant
 11054 | IceCv    | Reached skill level 13 in Unarmed Combat
 11117 | IceCv    | Identified the Collected Works on Blistering Dark Rituals
 11652 | D:12     | Found Jysy's Antique Weapon Emporium.
 11653 | D:12     | Noticed a two-headed ogre
 11662 | D:12     | Killed a two-headed ogre
 12595 | D:13     | Noticed a boulder beetle
 12601 | D:13     | Killed a boulder beetle
 12728 | D:13     | Noticed a boulder beetle
 12729 | D:13     | Noticed a two-headed ogre
 12733 | D:13     | Found a runed translucent gate.
 12733 | D:13     | Found a runed translucent gate.
 12738 | D:13     | Killed a two-headed ogre
 12740 | D:13     | Found a runed translucent gate.
 12741 | D:13     | Killed a boulder beetle
 12887 | D:13     | Noticed RepHenryClay's ghost (novice DsGl)
 13133 | D:13     | Reached XP level 13. HP: 101/131 MP: 12/12
 13173 | D:13     | Found a gate to the Vaults.
 13192 | D:13     | Reached skill level 14 in Unarmed Combat
 14170 | D:14     | Noticed Josephine
 14179 | D:14     | Killed Josephine
 14277 | D:14     | Got a flickering turquoise ring
 14627 | D:14     | Noticed Rupert
 14643 | D:14     | HP: 1/131 [Rupert/+4 battleaxe of freezing (42)]
 14643 | D:14     | Slain by Rupert

Illustrated notes

Levels and vault maps discovered:
D:1:      minmay_arrival_arboretum_small, layout_basic
D:2:      layout_loops_cross, grunt_qazlal_clouds, uniq_crazy_yiuf_cottage,
          uniq_terence
D:3:      gammafunk_wand_slinger, layout_rooms, lemuel_round_altar,
          evilmike_ruin_ashenzari, chequers_ecumenical_altar_twisty,
          uniq_natasha
D:4:      layout_basic, lemuel_doored_altar, serial_shops, kennysheep_mini,
          minmay_fire_ice_demons
D:5:      layout_loops_corners, uniq_grinder, uniq_eustachio, uniq_ijyb
D:6:      layout_rooms, minmay_temple_entry_proselytizer
D:7:      lemuel_upstairs_altar, layout_basic
D:8:      layout_gridville, lemuel_crystal_altar, nicolae_gozag_seed_capital
D:9:      minmay_statue_hallways, layout_loops_corners, trog_eyes_of_draining,
          okawaru_metal_pillars_3, nicolae_island_escapes, uniq_joseph
D:10:     layout_roguey [special_room_orc], dpeg_oklobed_lair,
          nicolae_ru_the_path_less_chosen
D:11:     layout_stronghold, david_orc_2, uniq_fannar, uniq_maurice
D:12:     layout_loops_ring, serial_shops, nicolae_shop_trees,
          portal_ice_cave_entry_pillars_2, gauntlet_entry_generic
D:13:     layout_loops_ring, erik_vaults_1, gammafunk_ghost_spectres,
          nrook_mini_backslash
D:14:     layout_roguey, minmay_evil_grid, uniq_josephine, uniq_rupert
Temple:   nicolae_temple_x_marks_the_god

Skill      XL: |  1  2  3  4  5  6  7  8  9 10 11 12 13 |
---------------+----------------------------------------+-----
Dodging        | 2 3 4 5 6 7 8 9 |  9.0
Unarmed Combat | 3 4 5 7 8 10 11 12 13 14 | 14.3
Fighting       | 3 4 5 6 7 8 9 |  9.2
Throwing       | 3 6 8 9 |  9.4
Stealth        | |  2.7

Action                   |  1- 3 |  4- 6 |  7- 9 | 10-12 | 13-15 || total
-------------------------+-------+-------+-------+-------+-------++-------
Melee: Unarmed           |    28 |   150 |   252 |   496 |    86 ||  1012
       Punch             |       |     1 |    12 |    38 |    13 ||    64
Throw: Dart              |       |       |       |   106 |     4 ||   110
       Boomerang         |       |       |       |       |    72 ||    72
       Large rock        |       |       |       |       |     2 ||     2
Invok: Slouch            |       |       |       |     2 |     1 ||     3
Evoke: Wand              |       |     2 |       |    10 |       ||    12
       Condenser vane    |       |       |       |       |     1 ||     1
  Use: Scroll            |     1 |       |     7 |     9 |       ||    17
       Potion            |       |       |       |    12 |       ||    12
 Stab: Sleeping          |     2 |    10 |    10 |    10 |       ||    32
       Distracted        |       |       |       |     1 |       ||     1
Armor: Robe              |    10 |    33 |    85 |   121 |    20 ||   269
       Skin              |       |       |       |    18 |       ||    18
Dodge: Dodged            |    12 |    68 |   233 |   461 |    72 ||   846

Table legend: (Time is in decaauts)
 A = Elapsed time spent in this place.
 B = Non-inter-level travel time spent in this place.
 C = Inter-level travel time spent in this place.
 D = Time resting spent in this place.
 E = Time spent auto-exploring this place.
 F = Levels seen in this place.
 G = Mean time per level.
                   A        B        C        D        E       F      G
               +--------+--------+--------+--------+--------+-----+--------+
         Total |  20644 |  19732 |    912 |   1812 |  14161 |  16 | 1290.2 |
       Dungeon |  19636 |  18724 |    912 |   1675 |  14161 |  14 | 1402.6 |
        Temple |      9 |      9 |      0 |      0 |      0 |   1 |    9.0 |
      Ice Cave |    998 |    998 |      0 |    137 |      0 |   1 |  998.0 |
               +--------+--------+--------+--------+--------+-----+--------+

Top non-repeatable levels by time:
     D:9: 2449 daAuts
    D:11: 2251 daAuts
    D:12: 2036 daAuts
     D:8: 1658 daAuts
    D:13: 1599 daAuts
    D:10: 1412 daAuts
     D:5: 1381 daAuts
    D:14: 1241 daAuts
     D:7: 1162 daAuts
     D:2: 1123 daAuts
     D:6: 1057 daAuts
   IceCv: 998 daAuts
     D:4: 962 daAuts
     D:3: 678 daAuts
     D:1: 619 daAuts
